[ AOE2 MATCH · #472475159 ]
UnrankedKoreans vs Tupi
Player's team · LOSS
Rival team · WIN
[ REPLAY ANALYSIS · EXTRACTED FROM THE RECORDED GAME ]
Feudal
10:09
Castle
—
Imperial
—
| APM avg | 59.3 |
| APM peak | 95 |
| eAPM avg | 26.6 |
| Villagers / military | 42 / 11 |
Focus
⚔️ 36.3% · 🌾 63.7%
Archer ×6 · Militia ×5
Feudal
10:41
Castle
18:52
Imperial
—
| APM avg | 55.1 |
| APM peak | 79 |
| eAPM avg | 33.1 |
| Villagers / military | 76 / 0 |
Focus
⚔️ 42.8% · 🌾 57.2%
Unknown (2550) ×31
Match map
Initial resources + every placement click. Lines = walls · curves = elevation contours. ◆ gold · ⬟ stone · ● berries · ✦ relic · ◌ wall gap
Your base· Open — unwalled flank
DS_HOANG's base· Open — unwalled flank
Smoothed initial terrain · ◌ = detected wall gap · hover for details
Inputs per minute
— RoR | Rise - - DS_HOANG
Build order — RoR | Rise
100 actions detected in the replay
| 0:00 | Create | Villager (Male) ×4 |
| 0:01 | Build | House |
| 0:02 | Build | House |
| 1:27 | Create | Villager (Male) |
| 1:48 | Build | Lumber Camp |
| 1:57 | Create | Villager (Male) |
| 1:57 | Create | Villager (Male) |
| 2:14 | Create | Villager (Male) |
| 2:44 | Create | Villager (Male) |
| 3:05 | Create | Villager (Male) |
| 3:34 | Create | Villager (Male) |
| 3:51 | Build | House |
| 4:00 | Create | Villager (Male) |
| 4:00 | Create | Villager (Male) |
| 4:14 | Build | Mill |
| 4:39 | Create | Villager (Male) |
| 4:40 | Create | Villager (Male) |
| 4:40 | Create | Villager (Male) |
| 5:25 | Build | Mill |
| 5:49 | Create | Villager (Male) |
| 6:08 | Create | Villager (Male) |
| 6:41 | Research | Loom |
| 6:42 | Build | House |
| 7:06 | Create | Villager (Male) |
| 7:06 | Create | Villager (Male) |
| 7:52 | Build | Barracks |
| 7:55 | Research | Feudal Age |
| 8:44 | Build | Mining Camp |
| 8:54 | Create | Militia |
| 8:54 | Create | Militia |
| 8:55 | Create | Militia |
| 9:14 | Build | House |
| 9:28 | Create | Militia |
| 9:28 | Create | Militia |
| 9:56 | Create | Villager (Male) |
| 10:09 | Age | Feudal Age |
| 10:19 | Build | Archery Range |
| 10:24 | Research | Man-at-Arms (upgrade) |
| 10:25 | Create | Villager (Male) |
| 10:29 | Build | Farm |
| 10:32 | Build | Farm |
| 11:03 | Create | Villager (Male) |
| 11:18 | Build | House |
| 11:24 | Build | Watch Tower |
| 11:29 | Create | Villager (Male) |
| 11:40 | Create | Archer |
| 11:44 | Create | Villager (Male) |
| 12:10 | Create | Archer |
| 12:35 | Create | Villager (Male) |
| 12:37 | Build | Farm |
| 12:37 | Build | Farm |
| 12:38 | Create | Villager (Male) |
| 13:02 | Create | Villager (Male) |
| 13:12 | Create | Villager (Male) |
| 13:33 | Create | Villager (Male) |
| 13:41 | Create | Villager (Male) |
| 13:45 | Create | Villager (Male) |
| 13:55 | Create | Villager (Male) |
| 14:22 | Create | Archer |
| 14:34 | Create | Archer |
| 14:34 | Create | Villager (Male) |
| 14:37 | Build | Farm |
| 14:38 | Build | Farm |
| 14:41 | Build | Farm |
| 14:41 | Build | Farm |
| 14:42 | Create | Villager (Male) |
| 14:46 | Build | Farm |
| 14:46 | Create | Archer |
| 14:49 | Create | Archer |
| 14:51 | Research | Double-Bit Axe |
| 14:51 | Research | Double-Bit Axe |
| 14:54 | Build | Lumber Camp |
| 15:04 | Create | Villager (Male) |
| 15:12 | Build | Farm |
| 15:23 | Build | House |
| 15:24 | Build | Palisade Wall |
| 15:32 | Create | Villager (Male) |
| 15:37 | Build | Farm |
| 15:39 | Create | Villager (Male) |
| 15:53 | Create | Villager (Male) |
| 15:59 | Build | Palisade Wall |
| 16:10 | Build | Farm |
| 16:11 | Build | Farm |
| 16:14 | Create | Villager (Male) |
| 16:44 | Create | Villager (Male) |
| 16:47 | Build | Market |
| 17:38 | Create | Villager (Male) |
| 18:02 | Research | Castle Age |
| 18:24 | Build | House |
| 18:46 | Build | Blacksmith |
| 19:29 | Build | Archery Range |
| 19:39 | Build | Stone Wall |
| 19:40 | Build | Stone Wall |
| 19:41 | Build | Stone Wall |
| 19:47 | Build | Stone Wall |
| 19:49 | Build | Stone Wall |
| 19:50 | Build | Stone Wall |
| 20:09 | Build | Watch Tower |
| 20:22 | Build | Stone Wall |
| 20:23 | Build | Stone Wall |
Build order — DS_HOANG
First 150 of 152 actions detected
| 0:01 | Create | Villager (Male) |
| 0:02 | Build | House |
| 0:03 | Build | Barracks |
| 0:21 | Create | Villager (Male) |
| 0:22 | Create | Villager (Male) |
| 0:22 | Create | Villager (Male) |
| 0:22 | Create | Villager (Male) |
| 0:26 | Build | House |
| 1:00 | Create | Unit 2550 |
| 1:13 | Create | Villager (Male) |
| 1:13 | Create | Villager (Male) |
| 1:37 | Create | Villager (Male) |
| 1:38 | Create | Villager (Male) |
| 1:38 | Create | Villager (Male) |
| 2:14 | Create | Villager (Male) |
| 2:14 | Create | Villager (Male) |
| 2:35 | Create | Villager (Male) |
| 2:35 | Create | Villager (Male) |
| 2:57 | Build | House |
| 3:03 | Create | Villager (Male) |
| 3:31 | Create | Villager (Male) |
| 3:32 | Create | Villager (Male) |
| 3:32 | Create | Villager (Male) |
| 3:47 | Create | Villager (Male) |
| 3:47 | Create | Villager (Male) |
| 4:11 | Create | Villager (Male) |
| 4:11 | Create | Villager (Male) |
| 4:11 | Create | Villager (Male) |
| 4:27 | Create | Villager (Male) |
| 4:47 | Create | Villager (Male) |
| 4:59 | Create | Villager (Male) |
| 5:00 | Create | Villager (Male) |
| 5:23 | Create | Villager (Male) |
| 5:24 | Create | Villager (Male) |
| 5:24 | Create | Villager (Male) |
| 5:30 | Build | Settlement |
| 5:35 | Create | Villager (Male) |
| 5:36 | Create | Villager (Male) |
| 5:59 | Create | Villager (Male) |
| 5:59 | Create | Villager (Male) |
| 5:59 | Create | Villager (Male) |
| 6:16 | Create | Villager (Male) |
| 6:16 | Create | Villager (Male) |
| 6:17 | Create | Villager (Male) |
| 6:17 | Create | Villager (Male) |
| 6:34 | Create | Villager (Male) |
| 6:34 | Create | Villager (Male) |
| 6:56 | Build | Palisade Wall |
| 6:58 | Build | Palisade Wall |
| 6:59 | Create | Villager (Male) |
| 6:59 | Create | Villager (Male) |
| 7:03 | Create | Villager (Male) |
| 7:03 | Create | Villager (Male) |
| 7:03 | Create | Villager (Male) |
| 7:34 | Create | Villager (Male) |
| 7:34 | Create | Villager (Male) |
| 7:34 | Create | Villager (Male) |
| 7:51 | Create | Villager (Male) |
| 7:51 | Create | Villager (Male) |
| 7:51 | Create | Villager (Male) |
| 7:58 | Build | House |
| 8:00 | Build | Palisade Wall |
| 8:08 | Create | Villager (Male) |
| 8:08 | Create | Villager (Male) |
| 8:08 | Create | Villager (Male) |
| 8:21 | Create | Villager (Male) |
| 8:21 | Create | Villager (Male) |
| 8:28 | Research | Feudal Age |
| 8:49 | Build | Palisade Wall |
| 8:51 | Build | Palisade Wall |
| 8:58 | Build | Palisade Wall |
| 9:09 | Build | Settlement |
| 10:12 | Create | Villager (Male) |
| 10:30 | Create | Unit 2550 |
| 10:37 | Build | House |
| 10:41 | Age | Feudal Age |
| 10:43 | Create | Villager (Male) |
| 10:50 | Build | Market |
| 10:59 | Research | Tech 1402 |
| 11:00 | Create | Villager (Male) |
| 11:23 | Build | Blacksmith |
| 11:37 | Create | Villager (Male) |
| 11:43 | Create | Villager (Male) |
| 11:44 | Research | Loom |
| 11:51 | Build | Stone Wall |
| 11:58 | Build | Stone Wall |
| 12:03 | Build | Stone Wall |
| 12:04 | Build | Stone Wall |
| 12:13 | Build | Stone Wall |
| 12:23 | Create | Villager (Male) |
| 12:40 | Build | Stone Wall |
| 12:59 | Build | House |
| 13:10 | Create | Unit 2550 |
| 13:11 | Create | Unit 2550 |
| 13:11 | Create | Unit 2550 |
| 13:16 | Build | Watch Tower |
| 13:31 | Create | Unit 2550 |
| 13:31 | Create | Unit 2550 |
| 13:52 | Create | Villager (Male) |
| 13:53 | Create | Villager (Male) |
| 14:16 | Build | Palisade Wall |
| 14:19 | Build | Palisade Wall |
| 14:20 | Build | Palisade Wall |
| 14:34 | Create | Villager (Male) |
| 14:34 | Create | Villager (Male) |
| 14:34 | Create | Villager (Male) |
| 14:34 | Create | Villager (Male) |
| 14:34 | Create | Villager (Male) |
| 14:35 | Create | Villager (Male) |
| 14:35 | Create | Villager (Male) |
| 14:48 | Build | Stone Wall |
| 14:48 | Create | Villager (Male) |
| 15:01 | Build | Farm |
| 15:05 | Build | Farm |
| 15:16 | Create | Villager (Male) |
| 15:18 | Build | Farm |
| 15:25 | Create | Villager (Male) |
| 15:41 | Build | Farm |
| 15:45 | Create | Villager (Male) |
| 16:06 | Build | Farm |
| 16:12 | Research | Castle Age |
| 16:12 | Research | Castle Age |
| 16:44 | Build | Barracks |
| 17:09 | Create | Unit 2550 |
| 17:09 | Create | Unit 2550 |
| 17:13 | Research | Scale Mail Armor |
| 17:14 | Research | Scale Mail Armor |
| 17:26 | Build | Farm |
| 17:32 | Build | Palisade Wall |
| 17:40 | Build | Farm |
| 17:44 | Create | Unit 2550 |
| 17:45 | Create | Unit 2550 |
| 17:45 | Create | Unit 2550 |
| 17:46 | Create | Unit 2550 |
| 17:48 | Create | Unit 2550 |
| 17:49 | Create | Unit 2550 |
| 17:49 | Create | Unit 2550 |
| 18:19 | Create | Unit 2550 |
| 18:46 | Build | Farm |
| 18:52 | Age | Castle Age |
| 18:59 | Research | Tech 1351 |
| 18:59 | Research | Tech 1351 |
| 19:06 | Research | Squires |
| 19:15 | Create | Unit 2550 ×2 |
| 19:15 | Create | Unit 2550 ×2 |
| 19:35 | Create | Unit 2550 |
| 19:35 | Create | Unit 2550 ×2 |
| 19:35 | Create | Unit 2550 ×2 |
| 19:35 | Create | Unit 2550 |
| 19:54 | Build | Monastery |
Match timeline
| 0:03 | DS_HOANG · first_building Barracks |
| 6:56 | DS_HOANG · wall_segment Palisade Wall x4 |
| 6:58 | DS_HOANG · wall_segment Palisade Wall x4 |
| 7:52 | RoR | Rise · first_building Barracks |
| 8:00 | DS_HOANG · wall_segment Palisade Wall x1 |
| 8:49 | DS_HOANG · wall_segment Palisade Wall x3 |
| 8:51 | DS_HOANG · wall_segment Palisade Wall x9 |
| 8:58 | DS_HOANG · wall_segment Palisade Wall x4 |
| 10:09 | RoR | Rise · age_up feudal |
| 10:19 | RoR | Rise · first_building Archery Range |
| 10:41 | DS_HOANG · age_up feudal |
| 11:51 | DS_HOANG · wall_segment Stone Wall x1 |
| 11:58 | DS_HOANG · wall_segment Stone Wall x1 |
| 12:03 | DS_HOANG · wall_segment Stone Wall x1 |
| 12:04 | DS_HOANG · wall_segment Stone Wall x1 |
| 12:13 | DS_HOANG · wall_segment Stone Wall x1 |
| 12:40 | DS_HOANG · wall_segment Stone Wall x2 |
| 14:16 | DS_HOANG · wall_segment Palisade Wall x1 |
| 14:19 | DS_HOANG · wall_segment Palisade Wall x1 |
| 14:20 | DS_HOANG · wall_segment Palisade Wall x1 |
| 14:48 | DS_HOANG · wall_segment Stone Wall x1 |
| 15:09 | DS_HOANG · first_market_buy 500 food |
| 15:24 | RoR | Rise · wall_segment Palisade Wall x1 |
| 15:59 | RoR | Rise · wall_segment Palisade Wall x11 |
| 16:00 | DS_HOANG · first_market_sell 100 wood |
| 17:32 | DS_HOANG · wall_segment Palisade Wall x1 |
| 17:50 | RoR | Rise · first_market_sell 100 stone |
| 17:52 | RoR | Rise · first_market_buy 100 food |
| 18:52 | DS_HOANG · age_up castle |
| 19:39 | RoR | Rise · wall_segment Stone Wall x1 |
| 19:40 | RoR | Rise · wall_segment Stone Wall x1 |
| 19:41 | RoR | Rise · wall_segment Stone Wall x1 |
| 19:47 | RoR | Rise · wall_segment Stone Wall x1 |
| 19:49 | RoR | Rise · wall_segment Stone Wall x1 |
| 19:50 | RoR | Rise · wall_segment Stone Wall x1 |
| 19:54 | DS_HOANG · first_building Monastery |
| 20:22 | RoR | Rise · wall_segment Stone Wall x1 |
| 20:23 | RoR | Rise · wall_segment Stone Wall x1 |
| 20:32 | RoR | Rise · resign |
[ AI ANALYSIS · 1 CREDIT ]
What really happened in this match?
Wolo.gg analyzes every decision: build order, eco, micro, common mistakes by bracket. Personalized analysis on WhatsApp or Discord in 30 seconds.
Civ guide
Koreans
Perfil
Jugador #210388